 Dungeon Crawl Stone Soup version 0.14-a0-1817-gb992dfe (webtiles) character file.

528 Caerthir the Insei (level 5, 0/41 HPs)
             Began as a Demonspawn Monk on Jan 9, 2014.
             Slain by a giant frog (5 damage)
             ... in a sewer.
             The game lasted 00:13:20 (4052 turns).

Caerthir the Insei (Demonspawn Monk)                Turns: 4052, Time: 00:13:20

HP   0/41        AC  4     Str 12      XL: 5   Next: 93%
MP   5/5         EV 13     Int 11      God:
Gold 271         SH  0     Dex 16      Spells:  0 memorised,  4 levels left

rFire  . . .     SeeInvis .       - Unarmed
rCold  . . .     Clarity  .     a - +0 robe
rNeg   . . .     Conserve .     (no shield)
rPois  .         rCorr    .     (no helmet)
rElec  .         rRot     .     (no cloak)
SustAb . .       Spirit   .     (no gloves)
rMut   .         Warding  .     (no boots)
Saprov . . .     Stasis   .     n - amulet of inaccuracy {unknown}
                                (no ring)
                                e - ring of protection from magic

@: somewhat resistant to hostile enchantments, unstealthy
A: hooves 1, thin metallic scales 1, powered by death 1
a: no special abilities


You were in a sewer.
You were not hungry.

You visited 1 branch of the dungeon, and saw 4 of its levels.
You also visited: Sewer.

You collected 271 gold pieces.

Inventory:

Missiles
 d - 8 poisoned javelins (quivered)
Armour
 a - a +0 robe (worn)
Comestibles
 b - 3 bread rations
 i - a cheese
 s - a meat ration
Scrolls
 f - a scroll of blinking {unknown}
 g - 3 scrolls of identify
 j - a scroll of immolation {unknown}
 k - a scroll of remove curse {unknown}
 l - a scroll of fear {unknown}
 m - 2 scrolls of enchant weapon II
 o - a scroll of magic mapping {unknown}
 p - 2 scrolls of fog {unknown}
 r - a scroll of curse armour {unknown}
 t - a scroll of teleportation {unknown}
Jewellery
 e - a ring of protection from magic (left hand)
 n - an amulet of inaccuracy (around neck) {unknown}
Potions
 c - 3 potions of curing
 h - a potion of might
 q - a potion of speed {unknown}


   Skills:
 - Level 3.0 Fighting
 - Level 2.6 Dodging
 - Level 1.7 Stealth
 + Level 6.6 Unarmed Combat


You had 4 spell levels left.
You didn't know any spells.

Dungeon Overview and Level Annotations

Branches:
Dungeon (4/16)
 Temple: D:4-7

Altars:
Kikubaaqudgha

Annotations:
D:3 M4edhros' ghost, average OpFi


Innate Abilities, Weirdness & Mutations

You have large cloven feet.
You are partially covered in thin metallic scales (AC +2).
You can steal the life force of nearby defeated enemies.


Message History

The giant frog is moderately wounded.
The giant frog misses you. The giant frog hits you.
The giant frog closely misses you.
You miss the giant frog. Your kick misses the giant frog.
The giant frog is moderately wounded.
The giant frog hits you!
* * * LOW HITPOINT WARNING * * *
The giant frog hits you.
* * * LOW HITPOINT WARNING * * *
The giant frog misses you.
You hit the giant frog.
The giant frog is moderately wounded.
The giant frog hits you but does no damage.
The giant frog closely misses you.
You enter the shallow water.
Moving in this stuff is going to be slow.
The giant frog completely misses you. The giant frog hits you.
* * * LOW HITPOINT WARNING * * *
The giant frog hits you.
You die...

#.#
≈≈≈≈≈≈≈≈#.≈≈≈.##.≈.#
#.#
≈≈≈≈≈≈≈≈≈#.≈≈≈.##.≈.#
#.#
≈≈≈≈≈≈≈≈≈≈≈.≈≈≈.###%##
#.# #≈≈≈≈≈≈≈≈≈≈≈.≈≈≈.#
#.# #.#
#≈≈≈≈.≈≈≈≈≈≈.≈≈≈.# #.#
#.# ≈≈≈≈≈≈.≈≈≈≈≈.≈≈≈.#
#∩# #.#
#≈≈≈≈≈.(≈≈≈≈≈≈≈≈≈.#
#.# #.#
#≈≈≈≈.?F)≈≈≈≈≈≈≈≈.#
#∩# #.#
#≈≈≈≈≈.F@≈≈≈≈≈≈≈≈.#
#.# #.#
#≈≈≈≈≈≈≈≈.≈≈≈≈≈≈≈.#
### #.#
#≈≈≈≈≈.≈.≈≈≈≈≈≈≈≈.#
#≈#
##≈≈≈....≈≈≈≈≈≈≈≈.#
#≈# #≈≈∩.≈≈≈.≈≈≈≈≈≈≈.#
#≈# #≈≈≈≈≈≈≈≈≈≈≈≈≈≈≈.#
#≈# ##≈≈≈≈≈≈≈≈≈≈≈≈≈≈.#
#≈# #≈≈≈≈≈≈≈≈≈≈≈≈≈≈.#
#≈# ##≈≈≈≈≈≈≈≈≈.≈≈≈.#


You could see 2 giant frogs.

Vanquished Creatures
  A giant frog skeleton (D:4)
  2 worker ants (D:4)
  Ijyb (D:4)
  4 adders
  5 giant mites
  5 giant geckos
  2 orcs
  A ball python (Sewer)
  6 goblins
  6 hobgoblins
  7 jackals
  12 kobolds
  2 quokkas
  6 bats
  8 giant cockroaches
  8 giant newts
  An orc skeleton (D:3)
  8 rats
85 creatures vanquished.

Notes
Turn   | Place    | Note
--------------------------------------------------------------
     0 | D:1      | Caerthir, the Demonspawn Monk, began the quest for the Orb.
     0 | D:1      | Reached XP level 1. HP: 18/18 MP: 1/1
   273 | D:1      | Reached skill level 4 in Unarmed Combat
   281 | D:1      | Gained mutation: You are partially covered in thin metallic scales (AC +2). [demonic ancestry]
   281 | D:1      | Reached XP level 2. HP: 21/24 MP: 2/2
   927 | D:2      | Reached XP level 3. HP: 24/29 MP: 3/3
  1108 | D:2      | Found an ancient bone altar of Kikubaaqudgha.
  1108 | D:2      | Noticed a human
  2083 | D:3      | Reached skill level 5 in Unarmed Combat
  2413 | D:3      | Noticed M4edhros' ghost (average OpFi)
  2961 | D:4      | Gained mutation: You can steal the life force of nearby defeated enemies. [demonic ancestry]
  2961 | D:4      | Reached XP level 4. HP: 18/35 MP: 4/4
  3302 | D:4      | Gained mutation: You have large cloven feet. [demonic ancestry]
  3302 | D:4      | Reached XP level 5. HP: 21/41 MP: 5/5
  3451 | D:4      | Reached skill level 6 in Unarmed Combat
  3506 | D:4      | Noticed Ijyb
  3525 | D:4      | Killed Ijyb
  3756 | D:4      | Found a glowing drain.
  3785 | Sewer    | Entered a sewer
  4052 | Sewer    | Slain by a giant frog

Action                   |  1- 3 |  4- 6 || total
-------------------------+-------+-------++-------
Melee: Unarmed           |   233 |   145 ||   378
  Use: Scroll            |     5 |       ||     5
       Potion            |     2 |       ||     2
 Stab: Sleeping          |     1 |       ||     1
